 Dungeon Crawl Stone Soup version 0.23-a0-635-g88ca12a (console) character file.

8 Duffy the Firebug (level 2, 19/19 HPs)
             Began as a Demonspawn Fire Elementalist on Dec 27, 2018.
             Quit the game on level 3 of the Dungeon.
             The game lasted 00:00:32 (265 turns).

Duffy the Firebug (Demonspawn Fire Elementalist)     Turns: 265, Time: 00:00:33

Health: 19/19      AC:  2    Str:  8    XL:     2   Next: 0%
Magic:  0/5        EV: 12    Int: 16    God:
Gold:   8          SH:  0    Dex: 13    Spells: 4/5 levels left

rFire    . . .     SeeInvis .   (no weapon)
rCold    . . .     Gourm    +   (no shield)
rNeg     . . .     Faith    .   a - +0 robe
rPois    .         Spirit   .   (no helmet)
rElec    .         Reflect  .   (no cloak)
rCorr    .         Harm     .   (no gloves)
MR       .....                  (no boots)
Stlth    ++........             f - amulet of the gourmand
HPRegen  0.06/turn              (no ring)
MPRegen  0.09/turn              (no ring)

@: no status effects
A: rot immunity
a: no special abilities


You were on level 3 of the Dungeon.
You were not hungry.

You visited 1 branch of the dungeon, and saw 3 of its levels.

You collected 8 gold pieces.

Inventory:

Armour
 a - a +0 robe (worn)
Jewellery
 f - an amulet of the gourmand (around neck)
Potions
 b - a potion of heal wounds {unknown}
 d - a potion of haste {unknown}
 e - a potion of agility {unknown}
 g - a potion of berserk rage {unknown}
Comestibles
 c - a ration


   Skills:
 - Level 1.7 Dodging
 - Level 1.7 Stealth
 + Level 2.2 Spellcasting
 + Level 1.3 Conjurations
 + Level 2.9 Fire Magic


You had 4 spell levels left.
You knew the following spells:

 Your Spells              Type           Power        Failure   Level  Hunger
h - Flame Tongue          Conj/Fire      #....        9%          1    #......

Your spell library contained the following spells:

 Spells                   Type           Power        Failure   Level  Hunger
 Throw Flame              Conj/Fire      #.....       13%         2    ###....
 Conjure Flame            Conj/Fire      #.......     26%         3    ###....
 Inner Flame              Hex/Fire       #.......     32%         3    ###....
 Sticky Flame             Conj/Fire      #.......     63%         4    #####..
 Fireball                 Conj/Fire      #.........   93%         5    ######.


Dungeon Overview and Level Annotations

Branches:
Dungeon (3/15)

Altars:
Elyvilon
Makhleb


Innate Abilities, Weirdness & Mutations

You are immune to rotting.


Message History

Press: ? - help, Shift-Dir - straight line, f/p - bat
Aim: a bat The flame tongue hits the bat.
The bat is moderately wounded.
The bat closely misses you. The bat hits you but does no damage.
Casting: Flame Tongue (safe; 9% risk of failure)
Confirm with . or Enter, or press ? or * to list all spells.
Aiming: Flame Tongue (safe; 9% risk of failure)
Press: ? - help, Shift-Dir - straight line, f/p - bat
Aim: a bat (moderately wounded)
The flame tongue hits the bat.
You kill the bat!
You have reached level 2!
Your demonic ancestry asserts itself...
You feel immune to rotting.
The giant cockroach waves its antennae.
Casting: Flame Tongue (safe; 9% risk of failure)
Confirm with . or Enter, or press ? or * to list all spells.
You don't have enough magic to cast that spell.
Are you sure you want to abandon this character and quit the game? (Confirm

#.....## ..
#......###. .
#......#.. ..
#....#... _..
####....#.. .8..
.......s#.#.._.%
........#.......
.......<@...#
........%..##
#####......#
#.......#
#.....#.#
....#+#..#
.#.... ...
#.###.. ..#


You could see a giant cockroach.

Vanquished Creatures
  A leopard gecko (D:2)
  3 goblins (D:1)
  A quokka (D:2)
  A bat (D:3)
  A kobold (D:1)
7 creatures vanquished.

Notes
Turn   | Place    | Note
-------+----------+-------------------------------------------
     0 | D:1      | Duffy the Demonspawn Fire Elementalist began the quest for
                  | the Orb.
     0 | D:1      | Reached XP level 1. HP: 13/13 MP: 3/3
   226 | D:1      | You fall through a shaft!
   260 | D:3      | Found a burning altar of Makhleb.
   261 | D:3      | Found a white marble altar of Elyvilon.
   264 | D:3      | Gained mutation: You are immune to rotting. [demonic
                  | ancestry]
   264 | D:3      | Reached XP level 2. HP: 19/19 MP: 0/5
   265 | D:3      | Quit the game

Vault maps used:
D:1:      lemuel_arrival_rhombus, serial_glass, glass_columns_a,
          glass_columns_a, corner_web_ring, minmay_misc_feat_pillars
D:2:      serial_forest, infiniplex_forest_straight_2,
          infiniplex_forest_clump_long, infiniplex_forest_corner_1,
          infiniplex_forest_clump_small, infiniplex_forest_clump_double,
          infiniplex_forest_lined_2, infiniplex_forest_split,
          infiniplex_forest_clump_long, infiniplex_forest_3_way,
          infiniplex_forest_clump_small, minivault_5, hangedman_decor_growths
D:3:      chequers_temple_overflow_statue_of_worship, lemuel_round_altar,
          cheibrodos_sewer_entry_sluice, nicolae_ru_great_annihilating_truth

Action                   || total
-------------------------++-------
 Cast: Flame Tongue      ||    10
Armor: Robe              ||     3
Dodge: Dodged            ||     5

Table legend:
 A = Non-vault XP
 B = Vault XP
 C = Vault XP percentage of total XP
 D = Non-vault monster count
 E = Vault monster count
 F = Vault count percentage of total count
                 A         B        C        D         E       F
            +---------+---------+-------+---------+---------+-------
      Total |      12 |       0 |   0.0 |       7 |       0 |   0.0
            +---------+---------+-------+---------+---------+-------
        D:1 |       6 |       0 |   0.0 |       4 |       0 |   0.0
        D:2 |       5 |       0 |   0.0 |       2 |       0 |   0.0
        D:3 |       1 |       0 |   0.0 |       1 |       0 |   0.0
            +---------+---------+-------+---------+---------+-------
